 Dungeon Crawl Stone Soup version 0.17.1-1-g73c8601 (webtiles) character file.

600 Goblin1989 the Cleaver (level 7, -1/60 HPs)
             Began as a Hill Orc Gladiator on Jan 5, 2016.
             Slain by a river rat (6 damage)
             ... on level 6 of the Dungeon.
             The game lasted 00:09:03 (3141 turns).

Goblin1989 the Cleaver (Hill Orc Gladiator)         Turns: 3141, Time: 00:09:03

Health: -1/60      AC: 11    Str: 18    XL:     7   Next: 41%
Magic:  7/7        EV:  8    Int:  8    God:
Gold:   189        SH:  0    Dex: 13    Spells: 0 memorised, 6 levels left

rFire  . . .     SeeInvis .     a - +0 war axe
rCold  . . .     Clarity  .     r - +0 chain mail
rNeg   + . .     SustAt   .     (no shield)
rPois  .         Gourm    .     c - +0 helmet
rElec  .         Spirit   .     (no cloak)
rCorr  .         Warding  .     l - +0 pair of gloves
rMut   +         Stasis   .     (no boots)
MR     .....                    f - amulet of resist mutation
Stlth  ..........               (no ring)
                                k - ring of positive energy

@: lethally poisoned (-1 -> -1), not resistant to hostile enchantments,
extremely unstealthy
A: no striking features
a: no special abilities


You were on level 6 of the Dungeon.
You were hungry.

You visited 1 branch of the dungeon, and saw 6 of its levels.

You collected 189 gold pieces.

Inventory:

Hand Weapons
 a - a +0 war axe (weapon)
 u - a +0 blowgun
Missiles
 d - 5 throwing nets (quivered)
 v - 18 poisoned needles
Armour
 c - a +0 helmet (worn)
 l - a +0 pair of gloves (worn)
 r - a +0 chain mail (worn)
Jewellery
 f - an amulet of resist mutation (around neck)
 k - a ring of positive energy (left hand)
Scrolls
 g - a scroll of amnesia
 p - 5 scrolls of remove curse
 q - 2 scrolls of identify
 x - a scroll of noise {unknown}
Potions
 h - 3 potions of brilliance
 i - 2 potions of curing
 j - a potion of flight {unknown}
 w - a potion of agility
 z - 3 potions of heal wounds
Comestibles
 b - a meat ration
 e - 3 bread rations
 n - 2 fruits
 o - a beef jerky


   Skills:
 + Level 4.8 Fighting
 * Level 8.4 Axes
 - Level 1.7 Throwing
 + Level 3.9 Armour
 - Level 2.4 Dodging


You had 6 spell levels left.
You didn't know any spells.

Dungeon Overview and Level Annotations

Branches:
Dungeon (7/15)
 Temple: D:4-7

Altars:
Ru
The Shining One

Portals:
Sewer: D:6

Annotations:
D:3 Darkstar's ghost, amateur DsFi


Message History

Your unstable footing causes you to fumble your attack.
The river rat bites you but does no damage.
Your unstable footing causes you to fumble your attack.
The river rat bites you but does no damage. x2
You hit the river rat.
The river rat is heavily wounded.
The river rat bites you but does no damage.
You hit the river rat.
The river rat is almost dead.
You feel sick.
The river rat bites you but does no damage.
Your unstable footing causes you to fumble your attack.
The river rat bites you but does no damage.
You barely miss the river rat.
The river rat is almost dead.
The river rat bites you.
* * * LOW HITPOINT WARNING * * *
Your unstable footing causes you to fumble your attack.
You feel sick. The river rat bites you.
You die...

##### ##...#
#..#.# ###
#.##≈######≈##
#.#≈≈≈#≈≈r≈≈≈#
#.#≈≈≈#≈≈#@≈≈#
##.##≈##rr##†##
#..##≈#≈≈≈≈#≈#
#.###≈#≈≈∩≈#≈#
#.###≈##≈≈##÷##
#.##≈≈≈####≈≈≈#
###.##≈≈≈≈≈≈≈≈≈≈#
#....##≈######≈##
####.....###..*
###


You could see a river rat.

Vanquished Creatures
  A necrophage (D:7)
  An ice beast (D:7)
  A scorpion (D:3)
  A jelly (D:6)
  A human zombie (D:7)
  2 orc wizards (D:7)
  A centaur skeleton (D:6)
  2 worker ants
  10 adders
  A river rat (D:6)
  An ooze (D:4)
  3 worms
  4 giant geckos
  An orc (D:7)
  8 bats
  2 giant cockroaches (D:2)
  3 hobgoblins
  A quokka (D:7)
  A ball python (D:4)
  5 giant newts
  8 goblins
  7 kobolds
  8 rats
73 creatures vanquished.

Notes
Turn   | Place    | Note
--------------------------------------------------------------
     0 | D:1      | Goblin1989 the Hill Orc Gladiator began the quest for the Orb.
     0 | D:1      | Reached XP level 1. HP: 18/18 MP: 1/1
    43 | D:1      | Reached XP level 2. HP: 19/25 MP: 2/2
   292 | D:1      | Reached skill level 1 in Armour
   620 | D:2      | Reached XP level 3. HP: 28/30 MP: 3/3
   816 | D:2      | Reached skill level 5 in Axes
  1219 | D:2      | Reached XP level 4. HP: 38/38 MP: 4/4
  2016 | D:3      | Reached skill level 6 in Axes
  2086 | D:3      | Reached XP level 5. HP: 24/45 MP: 5/5
  2190 | D:3      | Noticed Darkstar's ghost (amateur DsFi)
  2623 | D:4      | You fall through a shaft for 3 floors!
  2623 | D:7      | Noticed an orc warrior
  2626 | D:7      | Noticed an ice beast
  2651 | D:7      | Killed an ice beast
  2651 | D:7      | Reached skill level 7 in Axes
  2651 | D:7      | Reached XP level 6. HP: 52/52 MP: 6/6
  2915 | D:7      | Found a glowing golden altar of the Shining One.
  2918 | D:7      | Noticed a necrophage
  2936 | D:7      | Killed a necrophage
  2936 | D:7      | Reached skill level 8 in Axes
  2936 | D:7      | Reached XP level 7. HP: 53/60 MP: 7/7
  2966 | D:7      | Found a sacrificial altar of Ru.
  3096 | D:6      | Found a glowing drain.
  3141 | D:6      | Slain by a river rat

Action                   |  1- 3 |  4- 6 |  7- 9 || total
-------------------------+-------+-------+-------++-------
Melee: War axe           |   104 |   129 |    65 ||   298
  Use: Scroll            |     5 |       |     2 ||     7
       Potion            |       |     6 |       ||     6
  Eat: Chunk             |       |     6 |     1 ||     7
